 Dungeon Crawl Stone Soup version 0.30-a0-1093-gcfb1e0cf12 (webtiles) character file.

Game seed: 1351766684649179316

652 Kenran the Grappler (level 7, 0/36 HPs)
             Began as a Vine Stalker Chaos Knight on Apr 17, 2023.
             Was a Plaything of Xom.
             Slain by an ogre
             ... wielding a +0 giant club
              (24 damage)
             ... on level 5 of the Dungeon.
             The game lasted 00:09:18 (4010 turns).

Kenran the Grappler (Vine Stalker Chaos Knight)     Turns: 4010, Time: 00:09:18

Health: 0/36       AC:  7    Str: 15    XL:     7   Next: 54%
Magic:  0/8        EV: 11    Int: 16    God:    Xom [...*..]
Gold:   276        SH:  0    Dex: 13    Spells: 6/6 levels left

rFire   + . .      SeeInvis .      - Unarmed
rCold   . . .      Faith    .    (no shield)
rNeg    . . .      Spirit   +    a - +2 leather armour
rPois   .          Reflect  .    (no helmet)
rElec   .          Rampage  .    g - +0 cloak
rCorr   .                        l - +0 pair of gloves
Will    .....                    (no boots)
Stlth   +                        (no amulet)
HPRegen 1.06/turn                v - ring of protection from fire
MPRegen 0.11/turn                (no ring)

@: no status effects
A: fangs 2, regeneration 1, magic shield, antimagic bite, no potion heal 2,
clever 1
a: Renounce Religion


You were on level 5 of the Dungeon.
You worshipped Xom.
You were a favourite toy of Xom.
You visited 1 branch of the dungeon, and saw 5 of its levels.
You also visited: Ossuary.

You collected 276 gold pieces.

Inventory:

Missiles
 u - 2 atropa-tipped darts
Armour
 a - a +2 leather armour (worn)
 g - a +0 cloak (worn)
 l - a +0 pair of gloves (worn)
Jewellery
 v - a ring of protection from fire (left hand)
Wands
 o - a wand of polymorph (2)
 p - a wand of paralysis (2)
Scrolls
 j - 2 scrolls of fear
 m - a scroll of fog
 r - a scroll of enchant armour {unknown}
 s - 2 scrolls of poison {!r}
 t - a scroll of magic mapping
Potions
 c - 9 potions of curing {@q1}
 d - 2 potions of heal wounds {@q2}
 e - a potion of flight
 f - a potion of lignification {unknown}
 h - a potion of cancellation {unknown}
 i - 6 potions of haste {unknown}
 k - a potion of invisibility {unknown}
 n - a potion of magic {unknown}
 q - a potion of ambrosia {unknown}
Miscellaneous
 b - a piece from Xom's chessboard (14/15) (quivered)


   Skills:
 + Level 3.6 Fighting
 - Level 2.0 Armour
 - Level 0.7 Dodging
 - Level 8.0 Unarmed Combat


You had 6 spell levels left.
You didn't know any spells.
Your spell library contained the following spells:

 Spells                   Type           Power      Damage    Failure   Level
 Freeze                   Ice            0%         1d3       30%         1
 Sting                    Tmut/Pois      0%         1d3       30%         1
 Poisonous Vapours        Pois/Air       0%         N/A       43%         2
 Frozen Ramparts          Ice            0%         1d1       67%         3
 Hailstorm                Conj/Ice       0%         3d3       67%         3
 Olgreb's Toxic Radiance  Pois           0%         N/A       97%         4
 Malign Gateway           Summ/Tloc      0%         N/A       100%        7
 Summon Horrible Things   Summ           0%         N/A       100%        8


Dungeon Overview and Level Annotations

Branches:
Dungeon (5/15)            Ossuary (visited)
 Temple: D:4-7

Altars:
Uskayaw

Shops:
D:2 :

Annotations:
D:1 exclusion: downstairs
D:2 exclusion: downstairs


Innate Abilities, Weirdness & Mutations

You have extremely sharp teeth.
Your natural rate of healing is unusually fast.
When hurt, damage is shared between your health and your magic reserves.
Your bite disrupts and absorbs the magic of your enemies.
Potions cannot restore your health.
Your mind is acute. (Int +4, Str/Dex -1)


Message History

The orc priest closely misses you.
You punch the orc priest!
The orc priest is severely wounded.
The orc priest hits you with a +0 dagger.
You barely miss the orc priest. Your bite misses the orc priest.
The orc priest is severely wounded.
The orc priest mumbles some strange prayers to Beogh against you.
You resist with significant effort.
You punch the orc priest!
You kill the orc priest!
No target in view!
You see here a +0 dagger.
HP restored.
An orc comes into view. It is wielding a +0 club.
The orc shouts!
The orc moves out of view.
An orc is nearby!
You punch the orc!
You kill the orc!
No target in view!
Things that are here:
a +0 club; a +0 scale mail You now have 276 gold pieces (gained 16).
You open the door.
Found a spear.
Found a stone staircase leading down.
An ogre comes into view. It is wielding a +0 giant club.
Found an escape hatch in the ceiling.
The ogre shouts!
There is an open door here.
Found 4 stones.
Found a stone staircase leading up.
A howler monkey comes into view.
The ogre hits you with a +0 giant club!
You punch the ogre! You punch the ogre. Your bite misses the ogre.
The ogre is moderately wounded.
The howler monkey hoots and howls with incredible vigour!
The ogre hits you with a +0 giant club!!
Ouch! That really hurt!
You die...
Xom thinks this is hilarious!

............ h.........
... ...<.... . ....
#......# ..
#...##......##...
#............>...
..........O......
.........@.).....#.......o
................. .......
................. ....oo
#..<............. ......
#..(###'######+## #...#
... #....####.####...# #.
#................#
##................#
.....[.....>........+


You could see an ogre and a howler monkey (catching breath).

Vanquished Creatures
  An ogre (D:4)
  An elf zombie (Ossuary)
  A scorpion (D:5)
  A jelly (D:4)
  A human zombie (Ossuary)
  An orc priest (D:5)
  Jessica (D:3)
  Ijyb (D:3)
  An orc wizard (D:4)
  2 hound zombies (Ossuary)
  4 mummies (Ossuary)
  8 adders
  A white imp (D:5)
  3 adder zombies (Ossuary)
  A worm (D:2)
  2 dart slugs
  8 orcs
  7 ball pythons
  4 bats
  11 endoplasms
  2 giant cockroaches (D:1)
  A gnoll zombie (Ossuary)
  5 goblins
  7 hobgoblins
  6 jackals (D:4)
  3 kobolds
  2 quokkas
  A frilled lizard (D:3)
  2 hobgoblin zombies (Ossuary)
  A kobold zombie (Ossuary)
  9 rats
  A rat zombie (Ossuary)
100 creatures vanquished.

Notes
Turn   | Place    | Note
-------+----------+-------------------------------------------
     0 | D:1      | Kenran the Vine Stalker Chaos Knight began the quest for
                  | the Orb.
     0 | D:1      | Reached XP level 1. HP: 11/11 MP: 2/2
    98 | D:1      | Reached XP level 2. HP: 8/16 MP: 1/3
   225 | D:1      | XOM: silly message
   499 | D:1      | XOM: potion effect (haste)
   509 | D:1      | Reached skill level 4 in Unarmed Combat
  1025 | D:2      | Reached XP level 3. HP: 18/19 MP: 4/4
  1053 | D:2      | Found Doppofif's Book Boutique.
  1291 | D:2      | XOM: 5-stop teleportation journey
  1299 | D:2      | Gained mutation: Your natural rate of healing is unusually
                  | fast. [Vine Stalker growth]
  1299 | D:2      | Reached XP level 4. HP: 7/23 MP: 2/5
  1436 | D:2      | XOM: confuse monster(s)
  1467 | D:2      | Reached skill level 5 in Unarmed Combat
  1483 | D:2      | XOM: god gift: glowing hand axe {god gift}
  1518 | D:2      | XOM: divination: detect items
  1921 | D:3      | Noticed an ogre
  1934 | D:3      | XOM: potion effect (brilliance)
  1975 | D:3      | XOM: silly message
  1989 | D:3      | XOM: confuse monster(s)
  2029 | D:3      | XOM: give mutation
  2029 | D:3      | Gained mutation: Your mind is acute. (Int +4, Str/Dex -1)
                  | [Xom's mischief]
  2044 | D:3      | Noticed Jessica
  2054 | D:3      | XOM: divination: detect items
  2055 | D:3      | Reached XP level 5. HP: 25/28 MP: 6/6
  2056 | D:3      | Killed Jessica
  2068 | D:3      | XOM: cast spell 'Call Canine Familiar'
  2089 | D:3      | XOM: silly message
  2091 | D:3      | XOM: 2-stop teleportation journey
  2113 | D:3      | XOM: cloud trail
  2252 | D:3      | XOM: 1-stop teleportation journey
  2425 | D:3      | XOM is BORED!
  2465 | D:3      | Noticed Ijyb
  2482 | D:3      | Killed Ijyb
  2483 | D:3      | Reached skill level 6 in Unarmed Combat
  2551 | D:3      | XOM: silly message
  2910 | D:4      | Found a hide-covered altar of Uskayaw.
  2963 | D:4      | Found a sand-covered staircase.
  2968 | Ossuary  | Entered an ossuary
  3010 | Ossuary  | Reached XP level 6. HP: 30/32 MP: 5/7
  3024 | Ossuary  | XOM: potion effect (brilliance)
  3030 | Ossuary  | XOM: potion effect (brilliance)
  3032 | Ossuary  | XOM: potion effect (invisibility)
  3075 | Ossuary  | XOM: divination: magic mapping
  3078 | Ossuary  | Reached skill level 7 in Unarmed Combat
  3145 | Ossuary  | XOM: butterfly on damage
  3149 | Ossuary  | XOM: silly message
  3608 | D:4      | XOM: god gift: 2 atropa-tipped darts
  3800 | D:4      | Reached XP level 7. HP: 33/36 MP: 6/8
  3903 | D:5      | Entered Level 5 of the Dungeon
  3960 | D:4      | Reached skill level 8 in Unarmed Combat
  4010 | D:5      | Slain by an ogre

Illustrated notes

Levels and vault maps discovered:
D:1:      matt_arrival_refuge, layout_loops_ring
D:2:      layout_basic, serial_shops, nicolae_square_shop, minmay_puff
D:3:      layout_loops_corners, uniq_ijyb, uniq_jessica
D:4:      layout_gridville, nicolae_uskayaw_suspiria, nicolae_ossuary_entry_plus
D:5:      layout_gridville, gammafunk_temple_overflow_pools

Skill      XL: |  1  2  3  4  5  6  7 |
---------------+----------------------+-----
Unarmed Combat | 4 5 6 7 8 |  8.0
Fighting       | 3 |  3.6
Armour         | 2 |  2.0
Dodging        | |  0.7

Action                     |  1- 3 |  4- 6 |  7- 9 || total
---------------------------+-------+-------+-------++-------
  Melee: Unarmed           |    99 |   213 |    32 ||   344
         Bite              |    20 |    69 |     7 ||    96
         Punch             |     2 |     5 |     3 ||    10
  Evoke: Piece from Xom's  |       |     2 |     1 ||     3
    Use: Scroll            |       |     7 |       ||     7
         Potion            |       |     1 |       ||     1
   Stab: Sleeping          |       |     1 |       ||     1
         Invisible         |       |     8 |       ||     8
         Petrified         |       |       |     7 ||     7
 Armour: Leather armour    |    26 |    84 |     4 ||   114
  Dodge: Dodged            |    57 |   130 |    13 ||   200

Table legend: (Time is in decaauts)
 A = Elapsed time spent in this place.
 B = Non-inter-level travel time spent in this place.
 C = Inter-level travel time spent in this place.
 D = Time resting spent in this place.
 E = Time spent auto-exploring this place.
 F = Levels seen in this place.
 G = Mean time per level.
                   A        B        C        D        E       F      G
               +--------+--------+--------+--------+--------+-----+--------+
         Total |   3956 |   3787 |    169 |    125 |   2332 |   6 |  659.3 |
       Dungeon |   3649 |   3480 |    169 |    108 |   2223 |   5 |  729.8 |
       Ossuary |    306 |    306 |      0 |     17 |    109 |   1 |  306.0 |
               +--------+--------+--------+--------+--------+-----+--------+

Top non-repeatable levels by time:
     D:1: 1009 daAuts
     D:3: 995 daAuts
     D:4: 852 daAuts
     D:2: 709 daAuts
 Ossuary: 306 daAuts
     D:5: 82 daAuts
